 Dungeon Crawl Stone Soup version 0.29.1 (webtiles) character file.

Game seed: 8125553733434734998

46 qw the Chopper (level 3, -2/23 HPs)
             Began as a Gargoyle Fighter on Sept 13, 2022.
             Slain by Terence
             ... wielding a +0 flail
              (9 damage)
             ... on level 2 of the Dungeon.
             The game lasted 00:00:27 (1518 turns).

qw the Chopper (Gargoyle Fighter)                   Turns: 1518, Time: 00:00:28

Health: -2/23      AC: 10    Str: 27    XL:     3   Next: 66%
Magic:  3/3        EV:  9    Int:  8    God:
Gold:   54         SH:  4    Dex:  9    Spells: 2/2 levels left

rFire   . . .      SeeInvis .   Y - +0 war axe
rCold   . . .      Faith    .   c - +0 buckler
rNeg    + . .      Spirit   .   b - +0 scale mail
rPois   inf        Reflect  .   (no helmet)
rElec   +          Harm     .   (no cloak)
rCorr   .          Rampage  .   (no gloves)
Will    .....                   (no boots)
Stlth   ..........              (no amulet)
HPRegen 0.07/turn               k - +6 ring of strength
MPRegen 0.08/turn               (no ring)

@: no status effects
A: sickness immunity, AC +3, negative energy resistance 1, electricity
resistance, torment resistance 1, petrification resistance
a: no special abilities


You were on level 2 of the Dungeon.
You visited 1 branch of the dungeon, and saw 2 of its levels.

You collected 54 gold pieces.


Innate Abilities, Weirdness & Mutations

You are immune to sickness and miasma.
Your stone body is resilient. (AC +3)
You are immune to poison.
You resist negative energy. (rN+)
You are resistant to electric shocks. (rElec)
You are resistant to unholy torment.
You are immune to petrification.


   Skills:
 - Level 3.2 Fighting
 + Level 3.5 Axes
 - Level 3.2 Armour
 - Level 3.2 Shields


You had 2 spell levels left.
You didn't know any spells.
Your spell library was empty.

Inventory:

Hand Weapons
 a - a +0 club
 Y - a +0 war axe (weapon)
Armour
 b - a +0 scale mail (worn)
 c - a +0 buckler (worn)
Jewellery
 k - a +6 ring of strength (left hand)
Scrolls
 e - a scroll of teleportation
 g - a scroll of magic mapping {unknown}
 i - a scroll of identify
Potions
 d - a potion of might
 f - 2 potions of heal wounds
 h - a potion of curing {unknown}

Dungeon Overview and Level Annotations

Branches:
Dungeon (2/15)

Altars:

Annotations:
D:2 Terence


Message History

A giant cockroach comes into view.
You slash the giant cockroach!
You kill the giant cockroach!
An adder comes into view.
The adder hisses angrily.
Enter note:
Enter note:
Enter note:
Enter note: You closely miss the adder.
The adder bites you but does no damage.
You miss the adder.
The adder bites you but does no damage. x2
You closely miss the adder. The adder bites you but does no damage.
The adder bites you.
You closely miss the adder. The adder bites you. x2
You barely miss the adder. The adder barely misses you.
You slash the adder!
You kill the adder!
You start resting.
HP restored.
You see here an adder corpse.
Terence the Incautious comes into view.
He is wielding a +0 flail.
Terence shouts!
You hear a shout! x2
You hit Terence.
Terence is moderately wounded.
Terence barely misses you. Terence hits you but does no damage.
You hit Terence but do no damage.
Terence is moderately wounded.
Terence hits you with a +0 flail!
You hit Terence but do no damage.
Terence is moderately wounded.
Terence barely misses you.
You hit Terence.
Terence is heavily wounded.
Terence shouts, "DIE!!!"
Terence hits you with a +0 flail! x2
You die...

. ##'## ... . #.#
..# #.# .. ##.######
##.......#
#.....##.#
##.......#######
#.####.......@......
#....)...###@##
######..####.#
#.......# ##......#
#.###### ########
#.# .......# #.#
.#.###.# ##.##
...###.###...##


You could see Terence.

Vanquished Creatures
  2 adders (D:2)
  3 endoplasms (D:2)
  2 giant cockroaches (D:2)
  2 hobgoblins
  4 kobolds
  2 quokkas (D:1)
  2 ball pythons (D:1)
  2 bats
  2 frilled lizards
  8 rats
29 creatures vanquished.

Notes
Turn   | Place    | Note
-------+----------+-------------------------------------------
     0 | D:1      | qw the Gargoyle Fighter began the quest for the Orb.
     0 | D:1      | Reached XP level 1. HP: 14/14 MP: 1/1
     0 | D:1      | 0 ||| qw: Version: 0.1-a-119-g272c26d
     0 | D:1      | 0 ||| qw: Game counter: 11198
     0 | D:1      | 0 ||| qw: Always use a shield: true
     0 | D:1      | 0 ||| qw: God list: Okawaru
     0 | D:1      | 0 ||| qw: Allow faded altars: false
     0 | D:1      | 0 ||| qw: Do Orc after D:15 true
     0 | D:1      | 0 ||| qw: Do second Lair branch before Depths: true
     0 | D:1      | 0 ||| qw: Lair rune preference: random
     0 | D:1      | 0 ||| qw: Plans: Normal, Zot, God:TSO, Crypt, Tomb, Pan,
                  | Slime, Hells, Zig, Abyss, Orb
     0 | D:1      | 0 ||| PLANNING D:1-11
   335 | D:1      | 335 ||| Stepping ~*~*~tactically~*~*~ (stealth).
   356 | D:1      | Reached XP level 2. HP: 19/19 MP: 2/2
   749 | D:1      | Found a faded altar of an unknown god.
   912 | D:1      | 912 ||| UPGRADING to +6 ring of strength.
   913 | D:1      | 913 ||| READING scroll labelled RELISY HUWK.
   914 | D:1      | 914 ||| READING scroll labelled TAEBID XOU.
   915 | D:1      | 915 ||| READING 3 scrolls labelled USIORGH ZIMOC.
   916 | D:1      | 916 ||| READING scroll labelled ZOPSOAM WEIJ.
   919 | D:1      | 919 ||| READING 2 scrolls of identify.
   919 | D:1      | 919 ||| IDENTIFYING viscous puce potion
  1142 | D:2      | Reached skill level 3 in Axes
  1167 | D:2      | 1167 ||| Stepping ~*~*~tactically~*~*~ (stealth).
  1171 | D:2      | 1171 ||| Stepping ~*~*~tactically~*~*~ (stealth).
  1175 | D:2      | Reached XP level 3. HP: 23/23 MP: 3/3
  1509 | D:2      | Noticed Terence
  1518 | D:2      | Slain by Terence

Levels and vault maps discovered:
D:1:      dpeg_arrival_radiant, layout_loops_cross,
          shapermc_ecumenical_altar_petra
D:2:      layout_loops_corners, uniq_terence

Skill      XL: |  1  2 |
---------------+-------+-----
Axes           | 2 3 |  3.5
Fighting       | |  3.2
Armour         | |  3.2
Shields        | |  3.2

Action                   || total
-------------------------++-------
Melee: War axe           ||    89
  Use: Scroll            ||     5
Armor: Scale mail        ||    35
Dodge: Dodged            ||    40
Block: Buckler           ||    20

Table legend:
 A = Non-vault XP
 B = Vault XP
 C = Vault XP percentage of total XP
 D = Non-vault monster count
 E = Vault monster count
 F = Vault count percentage of total count
                 A         B        C        D         E       F
            +---------+---------+-------+---------+---------+-------
      Total |      66 |       0 |   0.0 |      29 |       0 |   0.0
            +---------+---------+-------+---------+---------+-------
        D:1 |      20 |       0 |   0.0 |      15 |       0 |   0.0
        D:2 |      46 |       0 |   0.0 |      14 |       0 |   0.0
            +---------+---------+-------+---------+---------+-------
